 Dungeon Crawl Stone Soup version 0.28-a0-1389-gc726bef33b (webtiles) character file.

Game seed: 9695761501676165816

1338 gruber the Summoner (level 8, 0/41 HPs)
             Began as a Tengu Summoner on Jan 3, 2022.
             Slain by Eustachio (5 damage)
             ... on level 6 of the Dungeon.
             The game lasted 00:07:05 (6180 turns).

gruber the Summoner (Tengu Summoner)                Turns: 6180, Time: 00:07:05

Health: 0/41       AC:  2    Str:  9    XL:     8   Next: 61%
Magic:  1/13       EV: 14    Int: 17    God:
Gold:   181        SH:  0    Dex: 15    Spells: 4/13 levels left

rFire   + . .      SeeInvis .   h - +1 short sword (venom)
rCold   . . .      Faith    .   (no shield)
rNeg    . . .      Spirit   .   a - +0 robe
rPois   .          Reflect  .   (helmet restricted)
rElec   .          Harm     .   (no cloak)
rCorr   .          Rampage  .   (no gloves)
Will    +....                   (boots unavailable)
Stlth   ++........              v - amulet of regeneration
HPRegen 0.93/turn               p - ring of willpower
MPRegen 0.13/turn               B - ring of protection from fire

@: flying quickly and evasively, mesmerised, quick
A: beak, talons 3, nimble flight
a: no special abilities


You were on level 6 of the Dungeon.
You visited 1 branch of the dungeon, and saw 6 of its levels.

You collected 181 gold pieces.

Inventory:

Hand Weapons
 h - a +1 short sword of venom (weapon)
 u - a +0 spear
 C - a +2 flail of protection
Missiles
 d - a throwing net
 y - a curare-tipped dart
Armour
 a - a +0 robe (worn)
Magical Staves
 q - a staff of conjuration
Jewellery
 o - an amulet of guardian spirit
 p - a ring of willpower (left hand)
 t - a ring of see invisible
 v - an amulet of regeneration (around neck)
 B - a ring of protection from fire (right hand)
Wands
 n - a wand of iceblast (1)
 s - a wand of digging (4)
Scrolls
 b - 2 scrolls of blinking {unknown}
 c - a scroll of vulnerability {unknown}
 g - 4 scrolls of teleportation {unknown}
 j - 3 scrolls of identify {unknown}
 k - a scroll of amnesia {unknown}
 l - a scroll of brand weapon {unknown}
 m - 2 scrolls of fog {unknown}
 r - a scroll of torment {unknown}
 w - a scroll of silence {unknown}
 D - a scroll of noise {unknown}
Potions
 e - a potion of lignification {unknown}
 f - 3 potions of attraction {unknown}
 i - a potion of curing {unknown}
 x - a potion of flight {unknown}
 z - 2 potions of haste {unknown}
 A - a potion of magic {unknown}


   Skills:
 - Level 2.1 Dodging
 - Level 2.0 Stealth
 - Level 3.0 Spellcasting
 * Level 12.6 Summonings


You had 4 spell levels left.
You knew the following spells:

 Your Spells              Type           Power      Damage    Failure   Level
a - Summon Small Mammal   Summ           100%       N/A       1%          1
b - Call Imp              Summ           45%        N/A       1%          2
c - Call Canine Familiar  Summ           45%        N/A       1%          3
d - Summon Guardian Gole  Hex/Summ       24%        N/A       3%          3

Your spell library contained the following spells:

 Spells                   Type           Power      Damage    Failure   Level
 Summon Ice Beast         Ice/Summ       24%        N/A       13%         4
 Summon Lightning Spire   Summ/Air       24%        N/A       13%         4
 Summon Mana Viper        Hex/Summ       24%        N/A       34%         5
 Monstrous Menagerie      Summ           22%        N/A       63%         7


Dungeon Overview and Level Annotations

Branches:
Dungeon (6/15)             Temple (0/1) D:5

Altars:
Ashenzari
Makhleb
Okawaru
Uskayaw
Vehumet

Annotations:
D:6 Eustachio, Maggie


Innate Abilities, Weirdness & Mutations

You have a beak for a mouth.
You have claws for feet.
Your magical nature lets you fly swiftly and evasively.


Message History

What are your orders? t - Shout!
Orders for allies: a - Attack new target. p - Attack previous target. r - Retreat! s - Stop attacking. g - Guard the area. f - Follow me.
Anything else - Cancel.
Gang up on whom?
Press: ? - help, Dir - move target, f/p - Maggie
Aim: Maggie, wielding a +0 vorpal glaive and wearing +0 steam dragon scales (lightly wounded, mesmerising, ally target) Attack!
Maggie casts a spell.
Maggie draws you further into her thrall.
Eustachio hits your guardian golem but does no damage.
Your wolf bites Maggie!
Casting: Call Canine Familiar (safe; 1% risk of failure)
Confirm with . or Enter, or press ? or * to list all spells.
A shadowy apparition takes form in the air.
Your wolf bites Maggie!
Your wolf barely misses Maggie.
Unknown command.
Unknown command.
Casting: Call Imp (safe; 1% risk of failure)
Confirm with . or Enter, or press ? or * to list all spells.
Your wolf barely misses Maggie.
Maggie casts a spell.
Maggie draws you further into her thrall.
Unknown command.
Unknown command.
Unknown command.
Your wolf bites Maggie.
Maggie hits you with a +0 vorpal glaive!!
Your wolf misses Maggie.
Unknown command.
Unknown command.
You hit Maggie but do no damage. You claw Maggie. Your peck misses Maggie.
Maggie is heavily wounded.
Your wolf bites Maggie.
Maggie hits you with a +0 vorpal glaive!
* * * LOW HITPOINT WARNING * * *
x2 Your wolf bites Maggie!
Eustachio hits you with a +0 falchion.
You die...

.?.# #.........##
....##..........##
..........[......# ..
.................# ...
.................## #...
..................##....
............#...........
.....@.##.h@#b.......##.
....... #.9@@5..........
....... ##.###.#........
....... ...# #..<.......
...@.......# #.....†....
............#.##........
..W.(..#.. .........
.......##. ##.......
.......... .......
.#..>..


You could see Maggie (mesmerising, ally target), Eustachio, a phantom, a
friendly guardian golem (summoned), a friendly wolf (summoned, sheltered), a
friendly shadow imp (summoned, sheltered) and a friendly bat (summoned,
sheltered).

Vanquished Creatures
  A necrophage (D:5)
  A scorpion (D:5)
  2 bullfrog zombies (D:5)
  A jelly (D:5)
  2 adders (D:2)
  An ufetubus (D:4)
  2 worms
  2 dart slugs
  4 orcs (D:2)
  4 bats
  8 endoplasms
  A giant cockroach (D:4)
  7 goblins
  6 hobgoblins
  5 jackals
  2 quokkas
  A ball python (D:2)
  2 frilled lizards
  14 kobolds
  2 rats (D:1)
68 creatures vanquished.

Vanquished Creatures (collateral kills)
  Edmund (D:5)
  An ice beast (D:6)
  A black bear (D:4)
  2 ogres
  A kobold brigand (D:5)
  A bullfrog (D:5)
  2 scorpions
  A centaur zombie (D:6)
  A bullfrog skeleton (D:4)
  A hound (D:6)
  An iguana (D:6)
  2 adders (D:2)
  A dart slug (D:1)
  3 bats (D:1)
  A giant cockroach (D:3)
  2 goblins
  3 hobgoblins
  3 ball pythons
  A frilled lizard (D:1)
  2 kobolds (D:5)
31 creatures vanquished.

Vanquished Creatures (others)
  A shadow (D:5)
1 creature vanquished.

Grand Total: 100 creatures vanquished

Notes
Turn   | Place    | Note
-------+----------+-------------------------------------------
     0 | D:1      | gruber the Tengu Summoner began the quest for the Orb.
     0 | D:1      | Reached XP level 1. HP: 10/10 MP: 4/4
    51 | D:1      | Reached skill level 5 in Summonings
   172 | D:1      | Reached XP level 2. HP: 3/15 MP: 3/6
   411 | D:1      | Learned a level 2 spell: Call Imp
  1096 | D:1      | Reached XP level 3. HP: 14/19 MP: 4/7
  1100 | D:1      | Learned a level 3 spell: Call Canine Familiar
  1682 | D:2      | Reached skill level 6 in Summonings
  1939 | D:2      | Reached XP level 4. HP: 21/24 MP: 9/9
  2695 | D:2      | Learned a level 3 spell: Summon Guardian Golem
  3451 | D:3      | Noticed a scorpion
  3471 | D:3      | Killed a scorpion
  3472 | D:3      | Reached skill level 7 in Summonings
  3472 | D:3      | Gained mutation: Your magical nature lets you fly swiftly
                  | and evasively. [Tengu growth]
  3472 | D:3      | Reached XP level 5. HP: 28/28 MP: 6/10
  3512 | D:3      | Found a radiant altar of Vehumet.
  4027 | D:3      | Found a burning altar of Makhleb.
  4059 | D:4      | Found an iron altar of Okawaru.
  4222 | D:4      | Found a broken altar of Ashenzari.
  4259 | D:4      | Noticed an ogre
  4268 | D:4      | Killed an ogre
  4269 | D:4      | Reached skill level 8 in Summonings
  4269 | D:4      | Reached XP level 6. HP: 32/32 MP: 4/11
  4341 | D:4      | Noticed a black bear
  4357 | D:4      | Killed a black bear
  4764 | D:4      | Found a hide-covered altar of Uskayaw.
  4803 | D:5      | Entered Level 5 of the Dungeon
  4820 | D:5      | Found a staircase to the Ecumenical Temple.
  4891 | D:5      | Noticed a shadow
  4901 | D:5      | Reached skill level 9 in Summonings
  4901 | D:5      | Reached XP level 7. HP: 36/36 MP: 3/12
  4912 | D:5      | Killed a shadow
  4913 | D:5      | Reached skill level 10 in Summonings
  5454 | D:5      | Reached skill level 11 in Summonings
  5454 | D:5      | Reached XP level 8. HP: 41/41 MP: 9/13
  5665 | D:5      | Noticed Edmund
  5698 | D:5      | Killed Edmund
  5971 | D:5      | Reached skill level 12 in Summonings
  6152 | D:6      | Noticed Eustachio
  6159 | D:6      | Noticed Maggie
  6180 | D:6      | Slain by Eustachio

Illustrated notes

Levels and vault maps discovered:
D:1:      psy_arrival_terrarium, layout_basic, minmay_tromino_v7
D:2:      layout_basic, wad_orctagon
D:3:      layout_basic, mainiacjoe_overflow_boulevard, lightli_temple_of_fire
D:4:      layout_cave_pools, mainiacjoe_overflow_six_doors_small,
          kennysheep_little_box, mainiacjoe_overflow_alcove_2,
          chequers_serial_rivers_micro_c, minmay_strange_pillars
D:5:      layout_basic, minmay_temple_entry_poolview, uniq_edmund
D:6:      layout_cave_pools, uniq_sigmund, uniq_eustachio, uniq_maggie

Skill      XL: |  1  2  3  4  5  6  7  8 |
---------------+-------------------------+-----
Summonings     | 5 6 7 8 9 11 12 | 12.6
Spellcasting   | 3 |  3.0
Dodging        | |  2.1
Stealth        | |  2.0

Action                   |  1- 3 |  4- 6 |  7- 9 || total
-------------------------+-------+-------+-------++-------
Melee: Unarmed           |    31 |       |       ||    31
       Kick              |    21 |    16 |    14 ||    51
       Peck              |    10 |    12 |    11 ||    33
       Dagger            |    38 |       |       ||    38
       Short sword       |    24 |    90 |    48 ||   162
 Cast: Summon Small Mamm |    35 |    12 |     1 ||    48
       Call Imp          |       |     4 |     1 ||     5
       Call Canine Famil |       |     7 |    12 ||    19
       Summon Guardian G |       |     1 |     5 ||     6
 Stab: Distracted        |     1 |     1 |     2 ||     4
       Sleeping          |       |     5 |       ||     5
Armor: Robe              |    38 |     7 |     5 ||    50
Dodge: Dodged            |    83 |    60 |    31 ||   174

Table legend: (Time is in decaauts)
 A = Elapsed time spent in this place.
 B = Non-inter-level travel time spent in this place.
 C = Inter-level travel time spent in this place.
 D = Time resting spent in this place.
 E = Time spent auto-exploring this place.
 F = Levels seen in this place.
 G = Mean time per level.
                   A        B        C        D        E       F      G
               +--------+--------+--------+--------+--------+-----+--------+
         Total |   6035 |   5902 |    133 |    253 |   4742 |   6 | 1005.8 |
       Dungeon |   6035 |   5902 |    133 |    253 |   4742 |   6 | 1005.8 |
               +--------+--------+--------+--------+--------+-----+--------+

Top non-repeatable levels by time:
     D:2: 1778 daAuts
     D:1: 1572 daAuts
     D:5: 1223 daAuts
     D:4: 713 daAuts
     D:3: 658 daAuts
     D:6: 89 daAuts
